 Dungeon Crawl Stone Soup version 0.24.1 (webtiles) character file.

Game seed: 8505215378153327329, levelgen mode: deterministic

5642 Curus the Spear-Bearer (level 10, -2/82 HPs)
             Began as a Demonspawn Berserker on Mar 27, 2020.
             Was an Elder of Trog.
             Slain by a hippogriff (3 damage)
             ... on level 7 of the Dungeon.
             The game lasted 00:31:13 (6316 turns).

Curus the Spear-Bearer (Demonspawn Berserker)       Turns: 6316, Time: 00:31:13

Health: -2/82      AC:  5    Str: 18    XL:     10   Next: 46%
Magic:  0/9        EV: 16    Int:  8    God:    Trog [****..]
Gold:   323        SH:  5    Dex: 16    Spells: 9/9 levels left

rFire    + . .     SeeInvis .   a - +0 spear
rCold    + . .     Gourm    .   s - +2 buckler
rNeg     . . .     Faith    .   r - +1 leather armour {rF+}
rPois    .         Spirit   +   (helmet restricted)
rElec    .         Reflect  .   y - scarf {repulsion}
rCorr    .         Harm     .   (no gloves)
MR       .....                  (no boots)
Stlth    +.........             j - amulet of the acrobat
HPRegen  0.23/turn              f - ring of flight
MPRegen  0.22/turn              k - ring of protection from cold

@: berserk cooldown, slowed, repel missiles, very slow
A: hooves 2, horns 1, low mp 1, powered by death 1, screaming 1, shaggy fur 1,
magic shield, magic regeneration, magic link
a: Berserk, Trog's Hand, Brothers in Arms, Renounce Religion, Evoke Flight


You were on level 7 of the Dungeon.
You worshipped Trog.
Trog was greatly pleased with you.
You were near starving.

You visited 1 branch of the dungeon, and saw 7 of its levels.

You collected 323 gold pieces.

Inventory:

Hand Weapons
 a - a +0 spear (weapon)
 t - the +1 glaive "Sosaojig" {chop, -Tele +Rage rC+ rN+}
   (You found it on level 5 of the Dungeon)

   It inflicts extra damage upon your enemies.
   It protects you from cold.
   It protects you from negative energy.
   It lets you go berserk.
   It prevents most forms of teleportation.
Armour
 b - a +0 animal skin
 d - a +0 leather armour
 g - a +0 cloak
 h - a +0 helmet
 r - a +1 leather armour of fire resistance (worn)
 s - a +2 buckler (worn)
 y - a scarf of repulsion (worn)
Jewellery
 f - a ring of flight (left hand)
 j - an amulet of the acrobat (around neck)
 k - a ring of protection from cold (right hand)
Wands
 e - a wand of disintegration (8)
 q - a wand of acid (9)
 x - a wand of iceblast (8)
Scrolls
 i - 2 scrolls of teleportation
 l - 3 scrolls of amnesia
 m - 4 scrolls of remove curse
 o - 6 scrolls of identify
 p - 2 scrolls of magic mapping
Potions
 n - 2 potions of flight
 u - a potion of haste
 v - a potion of brilliance
 w - 2 potions of curing
 z - a potion of mutation
Comestibles
 c - 13 rations


   Skills:
 + Level 8.6 Fighting
 - Level 12.0 Polearms
 - Level 1.7 Armour
 + Level 7.5 Dodging


You had 9 spell levels left.
You didn't know any spells.
Your spell library was empty.

Dungeon Overview and Level Annotations

Branches:
Dungeon (7/15)             Temple (0/1) D:4

Altars:
Ashenzari
Fedhas
Makhleb
Okawaru
Sif Muna
Trog
Uskayaw
Xom
Zin
The Shining One


Innate Abilities, Weirdness & Mutations

You have hoof-like feet.
You regenerate a little health from kills.
When hurt, damage is shared between your health and your magic reserves.
You regenerate magic rapidly.
When low on magic, you restore magic in place of health.
You have a pair of small horns on your head.
Your magical capacity is low. (-10% MP)
You occasionally shout uncontrollably at your foes.
You are covered in fur. (AC +1)


Message History

The hippogriff barely misses you.
You hit the hippogriff but do no damage.
You headbutt the hippogriff.
The hippogriff is almost dead.
The hippogriff bites you but does no damage.
You block the hippogriff's attack. The hippogriff barely misses you.
You barely miss the hippogriff.
The hippogriff is severely wounded.
An eye of draining comes into view.
You barely miss the hippogriff. You headbutt the hippogriff.
The hippogriff is almost dead.
The hippogriff bites you!
* * * LOW HITPOINT WARNING * * *
You block the hippogriff's attack. The hippogriff claws you.
* * * LOW HITPOINT WARNING * * *
You hit the hippogriff but do no damage.
You kick the hippogriff, but do no damage.
The hippogriff is almost dead.
The hippogriff bites you.
You die...

#. ##.#.#.#.##...
# ##.
##.#.#.#.#.##.##.#
#|H=
#.#.#.#.#.#[#...
#.G##.#.#.#.#.##.#
#...#.#.#.#.#...#
#.#.#.#.#.##.#
#.#.#.#.#.#.#.#
##.#H#.#.#.##.#
##.#@#.#.##..#
##.#†#.##..##
###.###...#
#.....#...#######
#5#.#.#..........
#..###.#..########
## #.## #.## ###
########..#


You could see a hippogriff and an eye of draining.

Vanquished Creatures
  A hydra (D:7)
  2 komodo dragons (D:7)
  A hippogriff (D:7)
  Sigmund (D:6)
  A water moccasin (D:7)
  2 ice beasts
  A sky beast (shapeshifter) (D:7)
  2 phantoms
  2 ogres (D:4)
  A sky beast (D:5)
  2 centaurs
  A big kobold (D:7)
  Blork the orc (D:6)
  5 bullfrogs
  A scorpion (D:4)
  3 killer bees (D:7)
  4 wights
  2 howler monkeys
  4 crimson imps
  An orc wizard (D:4)
  2 hounds
  A jelly (D:5)
  3 worker ants
  2 hound zombies
  Robin (D:2)
  A howler monkey skeleton (D:6)
  5 adders
  3 river rats (D:6)
  2 oozes
  An adder zombie (D:5)
  3 worms
  4 dart slugs
  A leopard gecko (D:4)
  12 orcs
  9 bats
  3 giant cockroaches
  8 hobgoblins
  10 jackals
  10 kobolds
  4 quokkas
  6 ball pythons
  7 frilled lizards
  A giant cockroach zombie (D:6)
  14 goblins
  11 rats
162 creatures vanquished.

Notes
Turn   | Place    | Note
-------+----------+-------------------------------------------
     0 | D:1      | Curus the Demonspawn Berserker began the quest for the Orb.
     0 | D:1      | Reached XP level 1. HP: 18/18 MP: 1/1
    49 | D:1      | Reached skill level 3 in Polearms
   305 | D:1      | Gained mutation: When hurt, damage is shared between your
                  | health and your magic reserves. [demonic ancestry]
   305 | D:1      | Reached XP level 2. HP: 21/24 MP: 2/2
   513 | D:1      | Gained mutation: You have large cloven feet. [demonic
                  | ancestry]
   513 | D:1      | Reached XP level 3. HP: 29/29 MP: 3/3
   533 | D:1      | Reached ** piety under Trog
   757 | D:2      | Reached skill level 4 in Polearms
   815 | D:2      | Noticed Robin
   840 | D:2      | Killed Robin
  1083 | D:2      | Gained mutation: You regenerate magic rapidly. [demonic
                  | ancestry]
  1083 | D:2      | Reached XP level 4. HP: 35/35 MP: 4/4
  1855 | D:3      | Found a burning altar of Makhleb.
  1856 | D:3      | Found a shimmering altar of Xom.
  1856 | D:3      | Paralysed by a crimson imp for 6 turns
  1906 | D:3      | Reached skill level 5 in Polearms
  1906 | D:3      | Gained mutation: You have hoof-like feet. [demonic
                  | ancestry]
  1906 | D:3      | Reached XP level 5. HP: 7/41 MP: 2/5
  2834 | D:4      | Noticed an ogre
  2844 | D:4      | Killed an ogre
  2844 | D:4      | Reached skill level 6 in Polearms
  3140 | D:4      | Found a staircase to the Ecumenical Temple.
  3151 | D:4      | Gained mutation: You regenerate a little health from kills.
                  | [demonic ancestry]
  3151 | D:4      | Reached XP level 6. HP: 47/47 MP: 6/6
  3160 | D:4      | Reached *** piety under Trog
  3230 | D:4      | Reached skill level 7 in Polearms
  3256 | D:4      | Found a blossoming altar of Fedhas.
  3258 | D:4      | Found a glowing golden altar of the Shining One.
  3263 | D:4      | Found a shimmering blue altar of Sif Muna.
  3431 | D:4      | Reached XP level 7. HP: 26/52 MP: 4/7
  3589 | D:5      | Entered Level 5 of the Dungeon
  3765 | D:5      | Reached skill level 8 in Polearms
  4146 | D:5      | Gained mutation: Your magical capacity is low. (-10% MP)
                  | [potion of mutation]
  4146 | D:5      | Gained mutation: You are covered in fur. (AC +1) [potion of
                  | mutation]
  4146 | D:5      | Gained mutation: You occasionally shout uncontrollably at
                  | your foes. [potion of mutation]
  4146 | D:5      | Gained mutation: You have a pair of small horns on your
                  | head. [potion of mutation]
  4190 | D:5      | Found a glowing silver altar of Zin.
  4196 | D:5      | Found an iron altar of Okawaru.
  4392 | D:5      | Found a hide-covered altar of Uskayaw.
  4451 | D:5      | Got a transparent glaive
  4459 | D:5      | Identified the cursed +1 glaive "Sosaojig" {chop, -Tele
                  | +Rage rC+ rN+} (You found it on level 5 of the Dungeon)
  4796 | D:6      | Reached skill level 9 in Polearms
  4796 | D:6      | Gained mutation: When low on magic, you restore magic in
                  | place of health. [demonic ancestry]
  4796 | D:6      | Reached XP level 8. HP: 58/58 MP: 7/7
  4986 | D:6      | Noticed Sigmund
  5367 | D:6      | Reached skill level 10 in Polearms
  5520 | D:6      | Killed Sigmund
  5656 | D:6      | Reached XP level 9. HP: 50/75 MP: 8/8
  5724 | D:6      | Reached **** piety under Trog
  5755 | D:6      | Found a shattered altar of Ashenzari.
  5874 | D:6      | Noticed Blork the orc
  5890 | D:6      | Killed Blork the orc
  5896 | D:6      | Found a bloodstained altar of Trog.
  6083 | D:7      | Reached skill level 11 in Polearms
  6102 | D:7      | Reached XP level 10. HP: 60/82 MP: 9/9
  6260 | D:7      | Noticed a four-headed hydra
  6282 | D:7      | Killed a four-headed hydra
  6283 | D:7      | Identified the +6 spear of Dithmenos's Wrath {flame, *Drain
                  | +Inv Str+10 Int+4}
  6302 | D:7      | Reached skill level 12 in Polearms
  6315 | D:7      | HP: 2/82 [hippogriff (6)]
  6316 | D:7      | Slain by a hippogriff

Levels and vault maps discovered:
D:1:      evilmike_arrival_crescent, layout_rooms, nrook_loot_triangle
D:2:      layout_loops_cross, uniq_robin
D:3:      layout_basic, grunt_temple_overflow_champion_of_chaos, first_ration,
          corexii_corridor_pit
D:4:      layout_basic, grunt_temple_overflow_open,
          minmay_temple_entry_mini_moons
D:5:      layout_basic, minmay_overflow_temple_star_quad,
          minmay_misc_feat_more_columns
D:6:      wad_pebble_path, layout_basic, lemuel_doored_altar,
          ashenzari_conservatory_becter, portal_sewer_entry_b,
          uniq_blork_the_orc, uniq_sigmund
D:7:      minmay_the_grid_octo_tiled_squarecenter [minmay_the_grid_octo_toaster,
          minmay_the_grid_octo_checkerflower, minmay_the_grid_octo_teeth,
          minmay_the_grid_octo_checkered,
          minmay_the_grid_square_5x5_megaprize_diamond,
          minmay_the_grid_square_5x5_n_small,
          minmay_the_grid_square_5x5_minibox,
          minmay_the_grid_square_5x5_inner_i,
          minmay_the_grid_square_5x5_corner], layout_loops_ring, serial_shops,
          shop, grunt_ogre_cave, minmay_misc_feat_plants

Skill      XL: |  1  2  3  4  5  6  7  8  9 10 |
---------------+-------------------------------+-----
Polearms       | 3 4 5 6 7 9 10 11 12 | 12.0
Fighting       | 8 |  8.6
Dodging        | 7 |  7.5
Armour         | |  1.7

Action                   |  1- 3 |  4- 6 |  7- 9 | 10-12 || total
-------------------------+-------+-------+-------+-------++-------
Melee: Spear             |   123 |   232 |   304 |    92 ||   751
       Kick              |     5 |    66 |    95 |    28 ||   194
       Headbutt          |       |       |    33 |    14 ||    47
       Glaive            |       |       |    10 |       ||    10
Invok: Berserk           |     1 |     1 |     1 |     1 ||     4
       Trog's Hand       |       |     1 |       |       ||     1
  Use: Scroll            |     2 |     6 |     1 |       ||     9
       Potion            |     2 |     2 |     4 |       ||     8
 Stab: Invisible         |       |     1 |       |       ||     1
       Sleeping          |       |     1 |       |       ||     1
       Distracted        |       |       |     1 |       ||     1
  Eat: Chunk             |     2 |     2 |     9 |       ||    13
       Ration            |       |     2 |       |       ||     2
Armor: Leather armour    |    28 |    32 |    39 |     4 ||   103
Dodge: Dodged            |    87 |    77 |   146 |    34 ||   344
Block: Buckler           |       |       |    23 |    15 ||    38
